 Dungeon Crawl Stone Soup version 0.30-a0-799-g109b55a442 (webtiles) character file.

Game seed: 15409703412317149232

303 PLAYERX the Trooper (level 6, 0/53 HPs)
             Began as a Gnoll Wanderer on Feb 19, 2023.
             Slain by an ufetubus (3 damage)
             ... on level 4 of the Dungeon on Feb 20, 2023.
             The game lasted 00:17:01 (2517 turns).

PLAYERX the Trooper (Gnoll Wanderer)                Turns: 2517, Time: 00:17:02

Health: 0/53       AC:  6    Str: 11    XL:     6   Next: 38%
Magic:  9/9        EV: 12    Int: 10    God:
Gold:   143        SH:  0    Dex: 27    Spells: 9/9 levels left

rFire   . . .      SeeInvis .    a - +2 short sword (venom)
rCold   . . .      Faith    .    (no shield)
rNeg    . . .      Spirit   .    b - +0 ring mail
rPois   .          Reflect  .    (no helmet)
rElec   .          Harm     .    c - +0 cloak
rCorr   .          Rampage  .    (no gloves)
Will    .....                    (no boots)
Stlth   ++                       (no amulet)
HPRegen 0.28/turn                f - +6 ring of dexterity
MPRegen 0.11/turn                t - +6 ring of dexterity

@: no status effects
A: fangs 1, strong nose, distributed training
a: no special abilities


You were on level 4 of the Dungeon.
You visited 1 branch of the dungeon, and saw 4 of its levels.

You collected 143 gold pieces.

Inventory:

Hand Weapons
 a - a +2 short sword of venom (weapon)
Armour
 b - a +0 ring mail (worn)
 c - a +0 cloak (worn)
Jewellery
 f - a +6 ring of dexterity (left hand)
 t - a +6 ring of dexterity (right hand)
Wands
 s - a wand of polymorph (4)
Scrolls
 d - a scroll of immolation {unknown}
 e - 3 scrolls of identify {unknown}
 h - 2 scrolls of teleportation {unknown}
 m - 2 scrolls of magic mapping {unknown}
 o - a scroll of enchant armour {unknown}
 u - a scroll of poison {unknown}
 v - a scroll of silence {unknown}
Potions
 g - 2 potions of curing {unknown}
 i - a potion of haste {unknown}
 j - 2 potions of lignification {unknown}
 k - a potion of mutation {unknown}
 l - 3 potions of might {unknown}
 n - a potion of attraction {unknown}
 p - 2 potions of magic {unknown}
 q - a potion of ambrosia {unknown}
 r - a potion of cancellation {unknown}
 w - a potion of flight {unknown}


   Skills:
 + Level 6.8 Fighting
 + Level 5.0 Short Blades
 + Level 2.0 Long Blades
 + Level 2.0 Axes
 + Level 2.0 Maces & Flails
 + Level 2.0 Polearms
 + Level 5.0 Staves
 + Level 2.0 Ranged Weapons
 + Level 2.0 Throwing
 + Level 2.0 Armour
 + Level 3.3 Dodging
 + Level 3.1 Stealth
 + Level 2.0 Shields
 + Level 2.0 Unarmed Combat
 + Level 2.0 Spellcasting
 + Level 1.6 Conjurations
 + Level 1.6 Hexes
 + Level 1.6 Summonings
 + Level 1.6 Necromancy
 + Level 1.6 Translocations
 + Level 1.6 Transmutations
 + Level 1.6 Fire Magic
 + Level 1.6 Ice Magic
 + Level 1.6 Air Magic
 + Level 1.6 Earth Magic
 + Level 1.6 Poison Magic
 + Level 3.4 Invocations
 + Level 2.0 Evocations


You had 9 spell levels left.
You didn't know any spells.
Your spell library contained the following spells:

 Spells                   Type           Power      Damage    Failure   Level
 Slow                     Hex            16%        N/A       36%         1
 Call Canine Familiar     Summ           4%         N/A       75%         3
 Confusing Touch          Hex            4%         N/A       75%         3
 Portal Projectile        Hex/Tloc       8%         N/A       75%         3
 Tukima's Dance           Hex            4%         N/A       75%         3
 Vampiric Draining        Necr           4%         2d6       75%         3
 Leda's Liquefaction      Hex/Erth       2%         N/A       98%         4
 Blade Hands              Tmut           2%         N/A       100%        5


Dungeon Overview and Level Annotations

Branches:
Dungeon (4/15)
 Temple: D:4-7

Altars:

Shops:
D:1 [=(=   D:2 *


Innate Abilities, Weirdness & Mutations

You have very sharp teeth.
Your uncanny sense of smell can sniff out nearby items.
Your experience applies equally to all skills.


Message History

Press: ? - help, Shift-Dir - straight line, f/p - orc wizard
Aim: an orc wizard, wielding a +0 dagger and wearing a +0 robe (lightly wounded, very poisoned, will become a ball python, a jackal, or a river rat, chance to affect: 54%)
The orc wizard resists with significant effort.
The orc wizard hits you but does no damage.
The gnoll hits you from afar with a +0 spear.
* * * LOW HITPOINT WARNING * * *
The orc shouts!
You hit the orc wizard.
The orc wizard looks as sick as possible!
The orc wizard is heavily wounded.
You kill the orc!
The gnoll barely misses you. The orc wizard closely misses you.
You hit the orc wizard but do no damage.
The orc wizard looks as sick as possible!
The orc wizard is severely wounded.
You hit the orc wizard.
The orc wizard looks as sick as possible!
The orc wizard is almost dead.
The orc wizard points at you and mumbles some strange words.
You resist with some effort.
The gnoll hits you from afar with a +0 spear.
* * * LOW HITPOINT WARNING * * *
You hit the orc wizard.
You kill the orc wizard!
The gnoll hits you from afar with a +0 spear.
* * * LOW HITPOINT WARNING * * *
A howler monkey comes into view.
The howler monkey howls!
You hear an angry hiss.
You hear a shout!
An ufetubus comes into view.
The howler monkey moves out of view.
A ball python comes into view.
The gnoll barely misses you.
A hobgoblin comes into view.
The ufetubus attacks as you move away! The ufetubus hits you.
* * * LOW HITPOINT WARNING * * *
The ufetubus barely misses you.
The ufetubus hits you but does no damage.
The ufetubus closely misses you. The ufetubus hits you.
You die...

#.#######..........
# ###..........
##.....)......
#.....).......
##....)....<..
##............
#.....)....o..
#.#.##)###.##.
###@##.# .# #.5#..#
# ##h##.## #.S..g#
#......h........
#.......S..###...
#............
#..............
#...........###


You could see a howler monkey, an ufetubus and a ball python.

Vanquished Creatures
  A scorpion (D:4)
  A jelly (D:3)
  Natasha (thrice) (D:2)
  An orc wizard (D:4)
  2 gnolls (D:4)
  An adder (D:2)
  A worm (D:3)
  2 dart slugs
  4 orcs
  8 endoplasms
  6 giant cockroaches
  5 goblins
  11 hobgoblins
  6 jackals (D:2)
  5 quokkas
  2 ball pythons (D:1)
  2 bats (D:2)
  6 frilled lizards
  4 kobolds
  6 rats
77 creatures vanquished.

Notes
Turn   | Place    | Note
-------+----------+-------------------------------------------
     0 | D:1      | PLAYERX the Gnoll Wanderer began the quest for the Orb.
     0 | D:1      | PLAYERX set off with the following items: a +2 short sword,
                  | a +0 quarterstaff, a +0 cloak, a scroll of vulnerability, a
                  | +0 robe.
     0 | D:1      | Reached XP level 1. HP: 23/23 MP: 2/2
    32 | D:1      | Found Metsol's Antique Armour Boutique.
    65 | D:1      | Found Daisuopto's Weapon Shop.
   175 | D:1      | Reached XP level 2. HP: 23/29 MP: 3/3
   350 | D:1      | Found Vaiv's Jewellery Emporium.
   388 | D:1      | Found Apuggone's Jewellery Emporium.
   526 | D:1      | Reached XP level 3. HP: 35/35 MP: 4/4
   535 | D:1      | Found a faded altar of an unknown god.
   887 | D:2      | Reached skill level 1 in Long Blades
   887 | D:2      | Reached skill level 1 in Axes
   887 | D:2      | Reached skill level 1 in Maces & Flails
   887 | D:2      | Reached skill level 1 in Polearms
   887 | D:2      | Reached skill level 1 in Ranged Weapons
   887 | D:2      | Reached skill level 1 in Throwing
   887 | D:2      | Reached skill level 1 in Armour
   887 | D:2      | Reached skill level 1 in Shields
   887 | D:2      | Reached skill level 1 in Unarmed Combat
   887 | D:2      | Reached skill level 1 in Spellcasting
   887 | D:2      | Reached skill level 1 in Evocations
  1108 | D:2      | Found Bempiuqo's Assorted Antiques.
  1134 | D:2      | Noticed Natasha
  1149 | D:2      | Killed Natasha
  1150 | D:2      | Reached skill level 1 in Conjurations
  1150 | D:2      | Reached skill level 1 in Hexes
  1150 | D:2      | Reached skill level 1 in Summonings
  1150 | D:2      | Reached skill level 1 in Necromancy
  1150 | D:2      | Reached skill level 1 in Translocations
  1150 | D:2      | Reached skill level 1 in Transmutations
  1150 | D:2      | Reached skill level 1 in Fire Magic
  1150 | D:2      | Reached skill level 1 in Ice Magic
  1150 | D:2      | Reached skill level 1 in Air Magic
  1150 | D:2      | Reached skill level 1 in Earth Magic
  1150 | D:2      | Reached skill level 1 in Poison Magic
  1150 | D:2      | Reached XP level 4. HP: 36/41 MP: 6/6
  1186 | D:2      | Upgraded the game from 0.30-a0-793-g160f7cfddd to
                  | 0.30-a0-799-g109b55a442
  1533 | D:2      | Noticed Natasha
  1542 | D:2      | Killed Natasha
  1543 | D:2      | Reached XP level 5. HP: 30/47 MP: 7/7
  1740 | D:2      | Noticed Natasha
  1748 | D:2      | Killed Natasha
  2166 | D:3      | Noticed Sigmund
  2370 | D:3      | Sigmund changed into Sigmund the jelly
  2370 | D:3      | Noticed Sigmund
  2376 | D:3      | Killed Sigmund the jelly
  2470 | D:4      | Reached XP level 6. HP: 53/53 MP: 8/8
  2481 | D:4      | Reached skill level 5 in Short Blades
  2481 | D:4      | Reached skill level 5 in Staves
  2515 | D:4      | HP: 2/53 [ufetubus (4)]
  2517 | D:4      | Slain by an ufetubus

Illustrated notes

Levels and vault maps discovered:
D:1:      onia_arrival_mini_spirals, layout_loops_ring, basic_ecumenical_altar,
          serial_shops, nicolae_shop_hallway_plus, shop, nicolae_shop_crystal,
          shop
D:2:      layout_loops_ring, serial_shops, shop, grunt_decor_cap, uniq_natasha
D:3:      layout_loops_ring, uniq_sigmund
D:4:      layout_rooms, fedhas_altar_4, nicolae_sif_muna_little_library,
          gammafunk_ghost_nasty_kobolds

Skill      XL: |  1  2  3  4  5  6 |
---------------+-------------------+-----
Long Blades    | 1 2 |  2.0
Axes           | 1 2 |  2.0
Maces & Flails | 1 2 |  2.0
Polearms       | 1 2 |  2.0
Ranged Weapons | 1 2 |  2.0
Throwing       | 1 2 |  2.0
Armour         | 1 2 |  2.0
Shields        | 1 2 |  2.0
Unarmed Combat | 1 2 |  2.0
Spellcasting   | 1 2 |  2.0
Evocations     | 1 2 |  2.0
Conjurations   | 1 |  1.6
Hexes          | 1 |  1.6
Summonings     | 1 |  1.6
Necromancy     | 1 |  1.6
Translocations | 1 |  1.6
Transmutations | 1 |  1.6
Fire Magic     | 1 |  1.6
Ice Magic      | 1 |  1.6
Air Magic      | 1 |  1.6
Earth Magic    | 1 |  1.6
Poison Magic   | 1 |  1.6
Invocations    | 3 |  3.4
Dodging        | 3 |  3.3
Stealth        | 3 |  3.1
Short Blades   | 5 |  5.0
Staves         | 5 |  5.0
Fighting       | |  6.8

Action                     |  1- 3 |  4- 6 || total
---------------------------+-------+-------++-------
  Melee: Short sword       |    97 |   103 ||   200
         Bite              |    13 |    11 ||    24
         Punch             |     1 |     7 ||     8
  Evoke: Wand              |       |     3 ||     3
   Stab: Sleeping          |     7 |     8 ||    15
 Armour: Robe              |     7 |       ||     7
         Ring mail         |    16 |    32 ||    48
         Scale mail        |     5 |       ||     5
  Dodge: Dodged            |    46 |    57 ||   103

Table legend: (Time is in decaauts)
 A = Elapsed time spent in this place.
 B = Non-inter-level travel time spent in this place.
 C = Inter-level travel time spent in this place.
 D = Time resting spent in this place.
 E = Time spent auto-exploring this place.
 F = Levels seen in this place.
 G = Mean time per level.
                   A        B        C        D        E       F      G
               +--------+--------+--------+--------+--------+-----+--------+
         Total |   2477 |   2477 |      0 |    161 |   1023 |   4 |  619.2 |
       Dungeon |   2477 |   2477 |      0 |    161 |   1023 |   4 |  619.2 |
               +--------+--------+--------+--------+--------+-----+--------+

Top non-repeatable levels by time:
     D:2: 1018 daAuts
     D:1: 822 daAuts
     D:3: 589 daAuts
     D:4: 47 daAuts
